 Dungeon Crawl Stone Soup version 0.17-a0-2220-g6fea741 (webtiles) character file.

134 glosham the Insei (level 5, 0/41 HPs)
             Began as a Merfolk Monk on Oct 28, 2015.
             Slain by an orc (3 damage)
             ... on level 3 of the Dungeon.
             The game lasted 00:16:12 (848 turns).

glosham the Insei (Merfolk Monk)                     Turns: 848, Time: 00:16:12

Health: 0/41       AC:  2    Str: 17    XL:     5   Next: 17%
Magic:  5/5        EV: 14    Int: 10    God:
Gold:   128        SH:  0    Dex: 16    Spells: 0 memorised, 4 levels left

rFire  . . .     SeeInvis .       - Unarmed
rCold  . . .     Clarity  .     a - +0 robe
rNeg   . . .     SustAt   .     (no shield)
rPois  .         Gourm    .     (no helmet)
rElec  .         Spirit   .     (no cloak)
rCorr  .         Warding  .     (no gloves)
rMut   .         Stasis   .     (no boots)
MR     .....                    (no amulet)
Stlth  +++.......               B - ring of stealth
                                A - ring of flight (curse)

@: mighty, very slightly contaminated, hasted, very quick, not resistant to
hostile enchantments, fairly stealthy
A: change form in water, swift swim
a: Evoke Flight


You were on level 3 of the Dungeon.
You were not hungry.

You visited 1 branch of the dungeon, and saw 3 of its levels.

You collected 128 gold pieces.

Inventory:

Hand Weapons
 b - a +0 hand axe of chopping
 i - a +0 whip of freezing
Armour
 a - a +0 robe (worn)
Jewellery
 A - a cursed ring of flight (left hand)
 B - a ring of stealth (right hand)
Scrolls
 d - a scroll of identify
 e - a scroll of remove curse
Comestibles
 c - 2 bread rations
 h - 3 chunks of flesh


   Skills:
 - Level 3.2 Fighting
 - Level 4.0 Dodging
 - Level 2.1 Stealth
 * Level 6.9 Unarmed Combat


You had 4 spell levels left.
You didn't know any spells.

Dungeon Overview and Level Annotations

Branches:
Dungeon (3/15)

Altars:


Message History

The bat barely misses you.
Found 11 gold pieces.
The bat closely misses you.
You completely miss the bat. The bat closely misses you.
You completely miss the bat. The bat misses you.
You hit the bat.
You kill the bat!
You see here a bat corpse.
You punch the orc!
You kill the orc!
You punch the orc!
You kill the orc!
You punch the orc!
You kill the orc!
Radek's ghost hits you.
* * * LOW HITPOINT WARNING * * *
Items here: )) [[ † a ring mail; a hand axe; a club; a leather armour; an orc corpse You miss radek's ghost.
You barely miss radek's ghost. Radek's ghost hits you.
* * * LOW HITPOINT WARNING * * *
You aren't carrying any potions.
Unknown command.
You punch radek's ghost!
Radek's ghost is heavily damaged.
You punch radek's ghost!
Radek's ghost is almost destroyed.
Radek's ghost hits you but does no damage.
You hit radek's ghost.
You destroy radek's ghost!
You have reached level 5!
You feel stronger.
You see here a bat corpse.
You butcher the bat corpse.
h - 3 chunks of flesh (gained 1)
You now have 128 gold pieces (gained 11).
An orc comes into view.
An orc wizard comes into view. It is wielding a vampiric dagger.
The orc hits you.
You die...

#.....# #.....#
#.....# #.....
#...## ####...#.
######## #........
#...o@.# #........
#.####.####
#%ooo...< #.......#
##.#.)...
#.##.##.#####.#.....
.o #.##....[.......#
#. ..########.#.##.#
#. #### #......# #
#......# #.#.##.#


You could see an orc.

Vanquished Creatures
  The ghost of radek the Conjurer, a weakling DECj (D:3)
  An orc priest (D:3)
  2 adders (D:2)
  A worm (D:2)
  A giant gecko (D:2)
  3 orcs (D:3)
  12 bats
  4 giant cockroaches
  5 hobgoblins
  4 jackals (D:1)
  2 ball pythons (D:1)
  4 giant newts
  2 goblins
  4 kobolds
  4 rats
50 creatures vanquished.

Notes
Turn   | Place    | Note
--------------------------------------------------------------
     0 | D:1      | glosham the Merfolk Monk began the quest for the Orb.
     0 | D:1      | Reached XP level 1. HP: 18/18 MP: 1/1
   157 | D:1      | Reached XP level 2. HP: 20/24 MP: 2/2
   249 | D:2      | Reached skill level 5 in Unarmed Combat
   287 | D:2      | Reached XP level 3. HP: 16/29 MP: 3/3
   650 | D:2      | Reached skill level 6 in Unarmed Combat
   650 | D:2      | Reached XP level 4. HP: 16/35 MP: 4/4
   795 | D:3      | Noticed radek's ghost (weakling DECj)
   828 | D:3      | HP: 1/35 [radek's ghost (5)]
   831 | D:3      | Killed radek's ghost
   831 | D:3      | Reached XP level 5. HP: 1/41 MP: 5/5
   848 | D:3      | Slain by an orc

Vault maps used:
D:1:      dpeg_arrival_simpleton_c
D:2:      old_standard_altar, first_bread, minmay_three_crescents

Action                   |  1- 3 |  4- 6 || total
-------------------------+-------+-------++-------
Melee: Unarmed           |   114 |    34 ||   148
  Use: Scroll            |     6 |     2 ||     8
       Potion            |       |     3 ||     3
 Stab: Sleeping          |     5 |     5 ||    10

Table legend:
 A = Turns spent in this place as a percentage of turns spent in the entire game.
 B = Non-inter-level travel turns spent in this place as a percentage of non-inter-level travel turns spent in the entire game.
 C = Inter-level travel turns spent in this place as a percentage of turns spent in this place.
 D = Turns resting spent in this place as a percentage of non-inter-level travel turns spent in this place.
 E = Turns spent auto-exploring this place as a percentage of non-inter-level travel turns spent in this place.
 F = Non-inter-level travel turns spent in this place divided by the number of levels of this place that you've seen.
                   A       B       C       D       E      F
               +-------+-------+-------+-------+-------+----------------------
         Total | 100.0 | 100.0 |   0.3 |   0.3 |   0.0 | 238.3
       Dungeon | 100.0 | 100.0 |   0.3 |   0.3 |   0.0 | 238.3
               +-------+-------+-------+-------+-------+----------------------

Table legend:
 A = Kills in this place as a percentage of kills in entire the game.
 B = Kills by you in this place as a percentage of kills by you in the entire game.
 C = Kills by friends in this place as a percentage of kills by friends in the entire game.
 D = Other kills in this place as a percentage of other kills in the entire game.
 E = Experience gained in this place as a percentage of experience gained in the entire game.
 F = Experience gained in this place divided by the number of levels of this place that you have seen.
                   A       B       C       D       E      F
               +-------+-------+-------+-------+-------+----------------------
         Total | 100.0 | 100.0 |  -nan |  -nan | 100.0 |  64.0
       Dungeon | 100.0 | 100.0 |  -nan |  -nan | 100.0 |  64.0
               +-------+-------+-------+-------+-------+----------------------

Vault maps used:
D:1:      dpeg_arrival_simpleton_c
D:2:      old_standard_altar, first_bread, minmay_three_crescents
